Wranglers vs Condors

Created - January 22, 2025 at 19:13

Goals
1 2 3 OT1 SO T
Wranglers 2 0 3 0 0 5
Condors 0 1 4 0 2 6
Shots
1 2 3 OT1 SO T
Wranglers 12 7 11 6 2 36
Condors 4 5 16 2 2 27

1st period

1. Wranglers , Vitali Kravtsov 3 (Dominik Masin 7) at 4:08
2. Wranglers , Jesper Bratt 7 (Dominik Masin 8) at 11:43

Penalties :
Yegor Sharangovich (Bak) for Hooking (Minor) at 11:54, Philip Broberg (Bak) for Tripping (Minor) at 15:18

2nd period

3. Condors , Nick Shore 16 (Martin Frk 18) at 0:32

Penalties :
Jesper Bratt (Cal) for Interference (Minor) at 0:54, Raphael Lavoie (Bak) for High sticking (Double Minor) at 12:09, Pontus Holmberg (Bak) for Goalie Interference (Minor) at 18:19

3rd period

4. Condors , Yegor Sharangovich 14 (Alexandre Carrier 18, Tyson Jost 28) at 2:11
5. Wranglers , Peter Cehlarik 32 (Nico Sturm 30) at 2:35
6. Condors , Nick Shore 17 (Klim Kostin 8, Martin Frk 19) at 6:55
7. Wranglers , Nico Sturm 20 (Christian Jaros 11, Barclay Goodrow 25) at 9:03 (PP)
8. Condors , Adam Erne 20 (Martin Frk 20, Nick Shore 31) at 11:58 (PP)
9. Condors , Adam Erne 21 (Tyson Jost 29, Connor Hurley 6) at 13:26
10. Wranglers , Barclay Goodrow 16 (Nico Sturm 31, Peter Cehlarik 33) at 19:02

Penalties :
Evan Bouchard (Bak) for Hooking (Minor) at 7:18, Frank Corrado (Cal) for Slashing (Minor) at 10:38

Overtime #1

No Goal

Penalties :
No Penalty

Shootout

Wranglers, Jesper Bratt - Stopped by Jaxson Stauber
Condors, Adam Erne - Goal!
Wranglers, Peter Cehlarik - Shot Misses the Net
Condors, Martin Frk - Goal!

Penalties :
No Penalty

Goalie Stats

Vitek Vanecek (Cal), 22 saves from 27 shots - (0.815), OTL, 18-5-2, 64:50 minutes
Jaxson Stauber (Bak), 31 saves from 36 shots - (0.861), W, 7-2-0, 65:00 minutes

Players Stats for Wranglers

Player Name              G  A  P  +/- PIM S  H  SB GA TA FO     MP     PP MP  PK MP  
------------------------------------------------------------------------------------
Barclay Goodrow          1  1  2   1  0   3  4  0  0  0  1/1    23:26   7:00   0:48 
Brandon Hickey           0  0  0   0  0   1  2  1  0  0  0/0    24:36   6:25   1:34 
Chandler Stephenson      0  0  0   0  0   3  3  1  1  1  3/12   17:30   4:24   0:26 
Christian Jaros          0  1  1   0  0   1  1  0  0  1  0/0    21:52   6:25   1:34 
Dominik Masin            0  2  2   0  0   0  1  0  0  1  0/0    13:49   0:17   1:45 
Erik Brannstrom          0  0  0   0  0   5  1  1  1  2  0/0    25:26   4:59   0:44 
Frank Corrado            0  0  0   0  2   4  2  0  1  0  0/0    26:57   4:59   1:01 
Jesper Bratt             1  0  1   0  2   2  1  1  0  2  0/0    16:22   4:24   0:00 
Kaapo Kakko              0  0  0   0  0   1  0  0  0  0  0/0     9:08   0:00   0:00 
Nico Sturm               1  2  3   1  0   5  0  0  1  0  18/34  25:14   7:00   1:04 
Peter Cehlarik           1  1  2   1  0   2  1  0  0  2  2/3    26:39   7:00   2:00 
Phillip Danault          0  0  0   0  0   1  1  1  0  0  2/3    13:04   0:17   1:56 
Ryan Donato              0  0  0  -1  0   0  0  0  0  0  0/4    10:05   0:17   0:00 
Tanner Jeannot           0  0  0  -1  0   1  1  2  1  0  0/0    16:01   4:24   0:00 
Taylor Raddysh           0  0  0  -1  0   1  0  0  0  0  0/1    10:29   0:17   0:00 
Trevor Carrick           0  0  0   0  0   0  0  0  0  0  0/0    11:49   0:17   0:00 
Vitali Kravtsov          1  0  1   0  0   3  1  0  0  0  1/1    10:04   0:00   0:24 
Vladislav Kamenev        0  0  0   0  0   3  0  0  0  0  2/4     9:08   0:00   0:00 

Players Stats for Condors

Player Name              G  A  P  +/- PIM S  H  SB GA TA FO     MP     PP MP  PK MP  
------------------------------------------------------------------------------------
Adam Erne                2  0  2  -1  0   4  3  0  3  0  1/2    25:26   1:34   6:38 
Alexander Alexeyev       0  0  0   0  0   0  2  2  0  0  0/0    20:11   1:24   4:51 
Alexandre Carrier        0  1  1   2  0   4  2  2  0  2  0/0    31:24   1:55   6:50 
Cody Glass               0  0  0   0  0   1  2  0  1  0  0/0    10:02   0:00   0:00 
Connor Hurley            0  1  1   0  0   0  0  0  0  0  3/4     9:56   0:00   0:00 
Evan Bouchard            0  0  0   3  2   1  0  3  2  1  0/0    27:02   1:55   5:49 
Gustav Olofsson          0  0  0   0  0   0  2  4  0  0  0/0    21:16   1:24   4:51 
Jordan Subban            0  0  0  -1  0   0  0  0  0  0  0/0     4:00   0:00   1:01 
Klim Kostin              0  1  1   1  0   1  1  0  0  0  0/0    19:35   1:45   4:25 
Martin Frk               0  3  3   0  0   2  3  0  0  0  0/1    15:29   1:34   0:00 
Nick Shore               2  1  3   0  0   6  1  1  1  0  22/31  22:28   1:34   6:30 
Nikolai Knyzhov          0  0  0  -2  0   0  0  0  0  0  0/0    10:33   0:00   0:00 
Philip Broberg           0  0  0  -2  2   0  0  1  0  1  0/0    10:46   0:00   0:00 
Pontus Holmberg          0  0  0   0  2   2  0  0  1  0  0/0     7:14   0:00   0:00 
Raphael Lavoie           0  0  0   0  4   0  1  0  0  0  0/0     7:00   0:00   0:00 
Ryan McLeod              0  0  0   0  0   0  1  0  0  0  1/2     8:07   0:00   0:40 
Taro Hirose              0  0  0   0  0   2  1  0  0  0  1/1    10:37   0:00   0:05 
Tyson Jost               0  2  2   0  0   2  3  0  1  0  6/19   22:18   1:45   3:31 
Yegor Sharangovich       1  0  1   0  2   2  1  0  0  1  0/3    19:50   1:45   1:33 

3 Stars

1 - Nick Shore (Bak)
2 - Adam Erne (Bak)
3 - Nico Sturm (Cal)

Power Play

Wranglers - 1 on 6 Attempt(s) - 16.67%
Condors - 1 on 2 Attempt(s) - 50.00%

Penalty Kill

Wranglers - 1 on 2 Attempt(s) - 50.00% - Score 0 goal in Penalty Kill
Condors - 5 on 6 Attempt(s) - 83.33% - Score 0 goal in Penalty Kill

Team Stat

Wranglers - Hits : 19 - Faceoff Wins : 29 - Blocked Shots : 7 - Penalty Minutes : 4
Condors - Hits : 23 - Faceoff Wins : 34 - Blocked Shots : 13 - Penalty Minutes : 12

Official

Referees : Brian Pochmara and Kelly Sutherland
Linesman : Steve Miller and Andrew Smith

Game Notes

No Game Note

Finance

Level 1 -- Attendance: 1830 (91.50%) -- Ticket Income $128,100
Level 2 -- Attendance: 1000 (100.00%) -- Ticket Income $40,000
Total Attendance: 2830 (94.33%)
Total Ticket Income: $168,100
Other Income: $8,405
Total Income: $176,505

Wranglers

5 vs 5 Forward 
   Center                   Left Wing                Right Wing               Time % Phy DF OF 
 1 Nico Sturm               Peter Cehlarik           Barclay Goodrow          40     1   2  2  
 2 Chandler Stephenson      Jesper Bratt             Phillip Danault          30     1   2  2  
 3 Ryan Donato              Tanner Jeannot           Taylor Raddysh           20     1   2  2  
 4 Vladislav Kamenev        Vitali Kravtsov          Kaapo Kakko              10     1   2  2  

5 vs 5 Defense 
   Defense                  Defense                                           Time % Phy DF OF 
 1 Erik Brannstrom          Frank Corrado                                     40     1   2  2  
 2 Brandon Hickey           Christian Jaros                                   30     1   2  2  
 3 Dominik Masin            Trevor Carrick                                    20     1   2  2  
 4 Brandon Hickey           Frank Corrado                                     10     1   2  2  

PowerPlay Forward 
   Center                   Left Wing                Right Wing               Time % Phy DF OF 
 1 Nico Sturm               Peter Cehlarik           Barclay Goodrow          60     1   2  2  
 2 Chandler Stephenson      Jesper Bratt             Tanner Jeannot           40     1   2  2  

PowerPlay Defense
   Defense                  Defense                                           Time % Phy DF OF 
 1 Erik Brannstrom          Frank Corrado                                     60     1   2  2  
 2 Brandon Hickey           Christian Jaros                                   40     1   2  2  

Penalty Kill 4 Players Forward 
   Center                   Wing                     Time % Phy DF OF 
 1 Phillip Danault          Peter Cehlarik           60     1   2  2  
 2 Nico Sturm               Barclay Goodrow          40     1   2  2  

Penalty Kill 4 Players Defense
   Defense                  Defense                  Time % Phy DF OF 
 1 Dominik Masin            Frank Corrado            60     1   2  2  
 2 Brandon Hickey           Christian Jaros          40     1   2  2  

Penalty Kill - 3 Players Forward 
   Forward                                           Time % Phy DF OF 
 1 Phillip Danault                                   60     1   2  2  
 2 Nico Sturm                                        40     1   2  2  

Penalty Kill - 3 Players Defense
   Defense                  Defense                  Time % Phy DF OF 
 1 Dominik Masin            Frank Corrado            60     1   2  2  
 2 Brandon Hickey           Christian Jaros          40     1   2  2  

4 vs 4 Forward 
   Center                   Wing                     Time % Phy DF OF 
 1 Nico Sturm               Peter Cehlarik           60     1   2  2  
 2 Chandler Stephenson      Phillip Danault          40     1   2  2  

4 vs 4 Defense
   Defense                  Defense                  Time % Phy DF OF 
 1 Dominik Masin            Frank Corrado            60     1   2  2  
 2 Brandon Hickey           Christian Jaros          40     1   2  2  

Last Minutes Offensive
   Center                   Left Wing                Right Wing               Defense                  Defense                  
   Nico Sturm               Peter Cehlarik           Barclay Goodrow          Erik Brannstrom          Frank Corrado            

Last Minutes Defensive
   Center                   Left Wing                Right Wing               Defense                  Defense                  
   Nico Sturm               Peter Cehlarik           Barclay Goodrow          Dominik Masin            Frank Corrado            

Goaltenders
Starting : Vitek Vanecek            
Backup : Joel Hofer               

Extra Forwards
Normal : Jesper Bratt, Peter Cehlarik, Nico Sturm - PP : Jesper Bratt, Chandler Stephenson - PK : Nico Sturm
Extra Defensemen
Normal : Christian Jaros, Brandon Hickey, Dominik Masin - PP : Dominik Masin - PK : Erik Brannstrom, Christian Jaros
Penalty Shots
Jesper Bratt, Peter Cehlarik, Nico Sturm, Chandler Stephenson, Barclay Goodrow
Custom OT Lines Forwards
Tanner Jeannot, Peter Cehlarik, Chandler Stephenson, Nico Sturm, Jesper Bratt, Taylor Raddysh, Phillip Danault, Ryan Donato, Barclay Goodrow, Vladislav Kamenev
Custom OT Lines Defensemen
Erik Brannstrom, Frank Corrado, Brandon Hickey, Christian Jaros, Dominik Masin

Scratches
Filip Hallander (Healthy), Skyler Brind'Amour (Healthy), Darren Raddysh (Healthy), Tim Berni (Healthy), Petteri Lindbohm (Healthy)
Ivan Chekhovich (Healthy), Radim Zohorna (Healthy), Demetrios Koumontzis (Healthy), Zac Jones (Healthy), Yegor Zaitsev (Healthy)
Lucas Feuk (Healthy), Cole Schwindt (Healthy), Collin Delia (Healthy)

Condors

5 vs 5 Forward 
   Center                   Left Wing                Right Wing               Time % Phy DF OF 
 1 Tyson Jost               Adam Erne                Yegor Sharangovich       40     1   2  2  
 2 Nick Shore               Klim Kostin              Martin Frk               30     1   2  2  
 3 Connor Hurley            Taro Hirose              Cody Glass               20     1   2  2  
 4 Ryan McLeod              Raphael Lavoie           Pontus Holmberg          10     1   2  2  

5 vs 5 Defense 
   Defense                  Defense                                           Time % Phy DF OF 
 1 Alexandre Carrier        Evan Bouchard                                     40     1   2  2  
 2 Gustav Olofsson          Alexander Alexeyev                                30     1   2  2  
 3 Philip Broberg           Nikolai Knyzhov                                   20     1   2  2  
 4 Jordan Subban            Alexandre Carrier                                 10     1   2  2  

PowerPlay Forward 
   Center                   Left Wing                Right Wing               Time % Phy DF OF 
 1 Nick Shore               Adam Erne                Martin Frk               60     1   2  2  
 2 Tyson Jost               Klim Kostin              Yegor Sharangovich       40     1   2  2  

PowerPlay Defense
   Defense                  Defense                                           Time % Phy DF OF 
 1 Alexandre Carrier        Evan Bouchard                                     60     1   2  2  
 2 Gustav Olofsson          Alexander Alexeyev                                40     1   2  2  

Penalty Kill 4 Players Forward 
   Center                   Wing                     Time % Phy DF OF 
 1 Nick Shore               Adam Erne                60     1   2  2  
 2 Tyson Jost               Klim Kostin              40     1   2  2  

Penalty Kill 4 Players Defense
   Defense                  Defense                  Time % Phy DF OF 
 1 Alexandre Carrier        Evan Bouchard            60     1   2  2  
 2 Gustav Olofsson          Alexander Alexeyev       40     1   2  2  

Penalty Kill - 3 Players Forward 
   Forward                                           Time % Phy DF OF 
 1 Nick Shore                                        60     1   2  2  
 2 Tyson Jost                                        40     1   2  2  

Penalty Kill - 3 Players Defense
   Defense                  Defense                  Time % Phy DF OF 
 1 Alexandre Carrier        Evan Bouchard            60     1   2  2  
 2 Gustav Olofsson          Alexander Alexeyev       40     1   2  2  

4 vs 4 Forward 
   Center                   Wing                     Time % Phy DF OF 
 1 Nick Shore               Adam Erne                60     1   2  2  
 2 Tyson Jost               Klim Kostin              40     1   2  2  

4 vs 4 Defense
   Defense                  Defense                  Time % Phy DF OF 
 1 Alexandre Carrier        Evan Bouchard            60     1   2  2  
 2 Gustav Olofsson          Alexander Alexeyev       40     1   2  2  

Last Minutes Offensive
   Center                   Left Wing                Right Wing               Defense                  Defense                  
   Nick Shore               Adam Erne                Martin Frk               Alexandre Carrier        Evan Bouchard            

Last Minutes Defensive
   Center                   Left Wing                Right Wing               Defense                  Defense                  
   Nick Shore               Adam Erne                Martin Frk               Alexandre Carrier        Evan Bouchard            

Goaltenders
Starting : Jaxson Stauber           
Backup : Stuart Skinner           

Extra Forwards
Normal : Yegor Sharangovich, Klim Kostin, Taro Hirose - PP : Yegor Sharangovich, Klim Kostin - PK : Yegor Sharangovich
Extra Defensemen
Normal : Jordan Subban, Nikolai Knyzhov, Philip Broberg - PP : Jordan Subban - PK : Jordan Subban, Nikolai Knyzhov
Penalty Shots
Adam Erne, Martin Frk, Nick Shore, Tyson Jost, Yegor Sharangovich
Custom OT Lines Forwards
Adam Erne, Martin Frk, Nick Shore, Tyson Jost, Yegor Sharangovich, Klim Kostin, Taro Hirose, Cody Glass, Connor Hurley, Pontus Holmberg
Custom OT Lines Defensemen
Alexandre Carrier, Evan Bouchard, Gustav Olofsson, Alexander Alexeyev, Jordan Subban

Scratches
Cole Cassels (Healthy), Colin White (Healthy), Semyon Der-Arguchintsev (Healthy), Jeremy Gregoire (Healthy), Robin Salo (Healthy)
Filip Kral (Healthy), Brayden Pachal (Healthy), Remi Elie (Healthy), Filip Johansson (Healthy), Lucas Johansen (Healthy)
Cole Fonstad (Healthy), Jack Perbix (Healthy), Filip Cederqvist (Healthy), Michael Dipietro (Healthy)

% Time on Ice - Wranglers

Lines # - Real PCT - Wanted PCT - Time Play
Normal Forward
1 - 35% - 40% - 15:44
2 - 23% - 30% - 10:29
3 - 21% - 20% - 9:24
4 - 20% - 10% - 9:08
Normal Defense
1 - 40% - 40% - 17:53
2 - 31% - 30% - 13:39
3 - 24% - 20% - 10:37
4 - 6% - 10% - 2:36
PP Forward
1 - 62% - 60% - 7:17
2 - 38% - 40% - 4:24
PP Defense
1 - 45% - 60% - 5:16
2 - 55% - 40% - 6:25
PK Forward
1 - 76% - 60% - 2:31
2 - 24% - 40% - 0:48
PK Defense
1 - 53% - 60% - 1:45
2 - 47% - 40% - 1:34
PK3 Forward
1 - 0% - 60%
2 - 0% - 40%
PK3 Defense
1 - 0% - 60%
2 - 0% - 40%
44 Forward
1 - 0% - 60%
2 - 0% - 40%
44 Defense
1 - 0% - 60%
2 - 0% - 40%
Last Minute Offensive  - 0:15
Last Minute Defensive  - 0:00
Total
Forward - 60:00
Defense - 60:00

% Time on Ice - Condors

Lines # - Real PCT - Wanted PCT - Time Play
Normal Forward
1 - 35% - 40% - 15:33
2 - 28% - 30% - 12:20
3 - 22% - 20% - 9:56
4 - 16% - 10% - 6:57
Normal Defense
1 - 40% - 40% - 17:55
2 - 31% - 30% - 13:56
3 - 23% - 20% - 10:19
4 - 6% - 10% - 2:36
PP Forward
1 - 47% - 60% - 1:34
2 - 53% - 40% - 1:45
PP Defense
1 - 58% - 60% - 1:55
2 - 42% - 40% - 1:24
PK Forward
1 - 70% - 60% - 8:10
2 - 30% - 40% - 3:31
PK Defense
1 - 58% - 60% - 6:50
2 - 42% - 40% - 4:51
PK3 Forward
1 - 0% - 60%
2 - 0% - 40%
PK3 Defense
1 - 0% - 60%
2 - 0% - 40%
44 Forward
1 - 0% - 60%
2 - 0% - 40%
44 Defense
1 - 0% - 60%
2 - 0% - 40%
Last Minute Offensive  - 0:00
Last Minute Defensive  - 0:14
Total
Forward - 60:00
Defense - 60:00

Play-by-Play

1st period


0:01 of 1st period - Nico Sturm wins face-off versus Tyson Jost in neutral zone.
1:01 of 1st period - Snap shot by Vitali Kravtsov.
1:01 of 1st period - Shot Misses the Net.
4:03 of 1st period - Adam Erne is hit by Dominik Masin and loses puck.
4:08 of 1st period - Slapshot by Vitali Kravtsov.
4:08 of 1st period - Goal by Vitali Kravtsov - Wranglers : 1 - Condors : 0.
4:09 of 1st period - Nick Shore wins face-off versus Nico Sturm in neutral zone.
4:42 of 1st period - Snap shot by Taro Hirose.
4:42 of 1st period - Shot Misses the Net.
5:20 of 1st period - Alexandre Carrier is hit by Barclay Goodrow and loses puck.
5:31 of 1st period - Snap shot by Peter Cehlarik.
5:31 of 1st period - Stopped by Jaxson Stauber with a rebound.
6:44 of 1st period - Off-side.
6:45 of 1st period - Tyson Jost wins face-off versus Chandler Stephenson in neutral zone.
7:16 of 1st period - Snap shot by Pontus Holmberg.
7:16 of 1st period - Shot Misses the Net.
7:40 of 1st period - Slapshot by Chandler Stephenson.
7:40 of 1st period - Shot Blocked by Philip Broberg.
8:20 of 1st period - Snap shot by Vladislav Kamenev.
8:20 of 1st period - Stopped by Jaxson Stauber with a rebound.
8:36 of 1st period - Icing by Ryan McLeod.
8:37 of 1st period - Ryan McLeod wins face-off versus Ryan Donato in Condors zone.
8:42 of 1st period - Christian Jaros is hit by Ryan McLeod and loses puck.
8:47 of 1st period - Snap shot by Pontus Holmberg.
8:47 of 1st period - Stopped by Vitek Vanecek with a rebound.
8:49 of 1st period - Wrist shot by Ryan McLeod.
8:49 of 1st period - Shot Blocked by Tanner Jeannot.
8:51 of 1st period - Snap shot by Raphael Lavoie.
8:51 of 1st period - Shot Misses the Net.
8:53 of 1st period - Snap shot by Gustav Olofsson.
8:53 of 1st period - Deflect By Pontus Holmberg.
8:53 of 1st period - Shot Misses the Net.
8:53 of 1st period - Puck is out of play.
8:54 of 1st period - Vladislav Kamenev wins face-off versus Tyson Jost in Wranglers zone.
9:01 of 1st period - Tyson Jost is hit by Frank Corrado and loses puck.
9:22 of 1st period - Erik Brannstrom is hit by Martin Frk and loses puck.
10:00 of 1st period - Off-side.
10:01 of 1st period - Vladislav Kamenev wins face-off versus Adam Erne in neutral zone.
10:06 of 1st period - Tyson Jost is hit by Brandon Hickey and loses puck.
10:30 of 1st period - Slapshot by Nick Shore.
10:30 of 1st period - Shot Blocked by Phillip Danault.
10:32 of 1st period - Slapshot by Alexander Alexeyev.
10:32 of 1st period - Shot Blocked by Chandler Stephenson.
10:36 of 1st period - Slapshot by Nick Shore.
10:36 of 1st period - Shot Misses the Net.
10:38 of 1st period - Snap shot by Martin Frk.
10:38 of 1st period - Shot Misses the Net.
10:57 of 1st period - Snap shot by Alexandre Carrier.
10:57 of 1st period - Shot Misses the Net.
11:06 of 1st period - Icing by Ryan Donato.
11:07 of 1st period - Nico Sturm wins face-off versus Ryan McLeod in Wranglers zone.
11:38 of 1st period - Tyson Jost is hit by Jesper Bratt and loses puck.
11:43 of 1st period - Snap shot by Jesper Bratt.
11:43 of 1st period - Goal by Jesper Bratt - Wranglers : 2 - Condors : 0.
11:44 of 1st period - Nico Sturm wins face-off versus Yegor Sharangovich in neutral zone.
11:54 of 1st period - Minor Penalty to Yegor Sharangovich for Hooking.
11:55 of 1st period - Nico Sturm wins face-off versus Nick Shore in Condors zone.
12:05 of 1st period - Slapshot by Nico Sturm.
12:05 of 1st period - Stopped by Jaxson Stauber without a rebound.
12:06 of 1st period - Nick Shore wins face-off versus Nico Sturm in Condors zone.
12:15 of 1st period - Wrist shot by Barclay Goodrow.
12:15 of 1st period - Shot Blocked by Alexandre Carrier.
12:17 of 1st period - Slapshot by Frank Corrado.
12:17 of 1st period - Stopped by Jaxson Stauber with a rebound.
12:23 of 1st period - Slapshot by Erik Brannstrom.
12:23 of 1st period - Stopped by Jaxson Stauber with a rebound.
13:17 of 1st period - Gustav Olofsson is hit by Barclay Goodrow and loses puck.
13:54 of 1st period - Penalty to Yegor Sharangovich is over, Yegor Sharangovich is back on ice.
14:04 of 1st period - Slapshot by Taro Hirose.
14:04 of 1st period - Stopped by Vitek Vanecek with a rebound.
14:20 of 1st period - Slapshot by Alexandre Carrier.
14:20 of 1st period - Stopped by Vitek Vanecek with a rebound.
14:23 of 1st period - Icing by Erik Brannstrom.
14:24 of 1st period - Nick Shore wins face-off versus Vladislav Kamenev in Wranglers zone.
14:25 of 1st period - Slapshot by Martin Frk.
14:25 of 1st period - Stopped by Vitek Vanecek with a rebound.
14:55 of 1st period - Snap shot by Vitali Kravtsov.
14:55 of 1st period - Shot Blocked by Alexander Alexeyev.
14:57 of 1st period - Wrist shot by Erik Brannstrom.
14:57 of 1st period - Shot Blocked by Gustav Olofsson.
14:59 of 1st period - Wrist shot by Kaapo Kakko.
14:59 of 1st period - Shot Blocked by Gustav Olofsson.
15:01 of 1st period - Slapshot by Kaapo Kakko.
15:01 of 1st period - Stopped by Jaxson Stauber with a rebound.
15:03 of 1st period - Wrist shot by Vladislav Kamenev.
15:03 of 1st period - Shot Misses the Net.
15:05 of 1st period - Snap shot by Vitali Kravtsov.
15:05 of 1st period - Stopped by Jaxson Stauber with a rebound.
15:11 of 1st period - Snap shot by Vitali Kravtsov.
15:11 of 1st period - Shot Blocked by Alexander Alexeyev.
15:13 of 1st period - Snap shot by Frank Corrado.
15:13 of 1st period - Stopped by Jaxson Stauber without a rebound.
15:14 of 1st period - Nico Sturm wins face-off versus Tyson Jost in Condors zone.
15:18 of 1st period - Minor Penalty to Philip Broberg for Tripping.
15:19 of 1st period - Nick Shore wins face-off versus Nico Sturm in Condors zone.
16:04 of 1st period - Gustav Olofsson is hit by Erik Brannstrom and loses puck.
17:00 of 1st period - Icing by Peter Cehlarik.
17:01 of 1st period - Nick Shore wins face-off versus Nico Sturm in Wranglers zone.
17:12 of 1st period - Slapshot by Chandler Stephenson.
17:12 of 1st period - Stopped by Jaxson Stauber without a rebound.
17:13 of 1st period - Chandler Stephenson wins face-off versus Tyson Jost in Condors zone.
17:18 of 1st period - Penalty to Philip Broberg is over, Philip Broberg is back on ice.
17:54 of 1st period - Icing by Alexandre Carrier.
17:55 of 1st period - Nico Sturm wins face-off versus Tyson Jost in Condors zone.
18:19 of 1st period - Christian Jaros is hit by Gustav Olofsson and loses puck.
18:32 of 1st period - Wrist shot by Nico Sturm.
18:32 of 1st period - Shot Misses the Net.
18:34 of 1st period - Wrist shot by Peter Cehlarik.
18:34 of 1st period - Shot Misses the Net.
19:49 of 1st period - Wrist shot by Barclay Goodrow.
19:49 of 1st period - Stopped by Jaxson Stauber with a rebound.
19:51 of 1st period - Snap shot by Brandon Hickey.
19:51 of 1st period - Deflect By Nico Sturm.
19:51 of 1st period - Shot Misses the Net.
19:51 of 1st period - Puck is out of play.
19:52 of 1st period - Nick Shore wins face-off versus Chandler Stephenson in Condors zone.
Goals for this period are 2 for Wranglers vs 0 for Condors.
Shots for this period are 12 for Wranglers vs 4 for Condors.

2nd period


0:01 of 2nd period - Nick Shore wins face-off versus Chandler Stephenson in neutral zone.
0:10 of 2nd period - Off-side.
0:11 of 2nd period - Nick Shore wins face-off versus Chandler Stephenson in neutral zone.
0:18 of 2nd period - Slapshot by Nick Shore.
0:18 of 2nd period - Stopped by Vitek Vanecek without a rebound.
0:19 of 2nd period - Nick Shore wins face-off versus Chandler Stephenson in Wranglers zone.
0:32 of 2nd period - Snap shot by Nick Shore.
0:32 of 2nd period - Goal by Nick Shore - Wranglers : 2 - Condors : 1.
0:33 of 2nd period - Tyson Jost wins face-off versus Chandler Stephenson in neutral zone.
0:44 of 2nd period - Snap shot by Adam Erne.
0:44 of 2nd period - Shot Misses the Net.
0:46 of 2nd period - Wrist shot by Yegor Sharangovich.
0:46 of 2nd period - Shot Blocked by Jesper Bratt.
0:48 of 2nd period - Slapshot by Alexandre Carrier.
0:48 of 2nd period - Stopped by Vitek Vanecek with a rebound.
0:54 of 2nd period - Minor Penalty to Jesper Bratt for Interference.
0:55 of 2nd period - Phillip Danault wins face-off versus Nick Shore in Wranglers zone.
1:11 of 2nd period - Snap shot by Evan Bouchard.
1:11 of 2nd period - Shot Misses the Net.
2:54 of 2nd period - Penalty to Jesper Bratt is over, Jesper Bratt is back on ice.
3:35 of 2nd period - Wrist shot by Jesper Bratt.
3:35 of 2nd period - Stopped by Jaxson Stauber with a rebound.
3:37 of 2nd period - Snap shot by Taylor Raddysh.
3:37 of 2nd period - Shot Misses the Net.
4:25 of 2nd period - Slapshot by Alexandre Carrier.
4:25 of 2nd period - Shot Misses the Net.
4:45 of 2nd period - Klim Kostin is hit by Chandler Stephenson and loses puck.
5:02 of 2nd period - Nico Sturm is hit by Adam Erne.
5:06 of 2nd period - Nico Sturm is hit by Adam Erne and loses puck.
7:50 of 2nd period - Chandler Stephenson is hit by Cody Glass and loses puck.
9:22 of 2nd period - Trevor Carrick is hit by Taro Hirose and loses puck.
9:33 of 2nd period - Ryan McLeod is hit by Barclay Goodrow and loses puck.
10:48 of 2nd period - Snap shot by Raphael Lavoie.
10:48 of 2nd period - Shot Misses the Net.
12:09 of 2nd period - Double Minor Penalty to Raphael Lavoie for High sticking.
12:10 of 2nd period - Nick Shore wins face-off versus Nico Sturm in Condors zone.
12:26 of 2nd period - Wrist shot by Barclay Goodrow.
12:26 of 2nd period - Stopped by Jaxson Stauber without a rebound.
12:27 of 2nd period - Nico Sturm wins face-off versus Nick Shore in Condors zone.
12:30 of 2nd period - Wrist shot by Peter Cehlarik.
12:30 of 2nd period - Shot Misses the Net.
12:58 of 2nd period - Klim Kostin is hit by Frank Corrado and loses puck.
13:05 of 2nd period - Snap shot by Chandler Stephenson.
13:05 of 2nd period - Shot Blocked by Evan Bouchard.
13:07 of 2nd period - Slapshot by Frank Corrado.
13:07 of 2nd period - Shot Misses the Net.
13:51 of 2nd period - Gustav Olofsson is hit by Brandon Hickey and loses puck.
14:08 of 2nd period - Jesper Bratt is hit by Klim Kostin and loses puck.
14:31 of 2nd period - Snap shot by Phillip Danault.
14:31 of 2nd period - Stopped by Jaxson Stauber with a rebound.
14:33 of 2nd period - Slapshot by Taylor Raddysh.
14:33 of 2nd period - Stopped by Jaxson Stauber without a rebound.
14:34 of 2nd period - Tyson Jost wins face-off versus Taylor Raddysh in Condors zone.
14:34 of 2nd period - Tyson Jost is hit by Phillip Danault.
15:18 of 2nd period - Tyson Jost is hit by Barclay Goodrow and loses puck.
15:30 of 2nd period - Icing by Frank Corrado.
15:31 of 2nd period - Chandler Stephenson wins face-off versus Yegor Sharangovich in Wranglers zone.
16:00 of 2nd period - Snap shot by Klim Kostin.
16:00 of 2nd period - Stopped by Vitek Vanecek without a rebound.
16:01 of 2nd period - Barclay Goodrow wins face-off versus Tyson Jost in Wranglers zone.
16:09 of 2nd period - Penalty to Raphael Lavoie is over, Raphael Lavoie is back on ice.
16:12 of 2nd period - Snap shot by Vitali Kravtsov.
16:12 of 2nd period - Stopped by Jaxson Stauber without a rebound.
16:13 of 2nd period - Vitali Kravtsov wins face-off versus Yegor Sharangovich in Condors zone.
16:13 of 2nd period - Vitali Kravtsov is hit by Alexander Alexeyev.
16:19 of 2nd period - Snap shot by Vladislav Kamenev.
16:19 of 2nd period - Stopped by Jaxson Stauber with a rebound.
16:48 of 2nd period - Slapshot by Peter Cehlarik.
16:48 of 2nd period - Deflect By Barclay Goodrow.
16:48 of 2nd period - Shot Misses the Net.
16:48 of 2nd period - Puck is out of play.
16:49 of 2nd period - Nico Sturm wins face-off versus Tyson Jost in Condors zone.
17:57 of 2nd period - Erik Brannstrom is hit by Tyson Jost and loses puck.
18:19 of 2nd period - Minor Penalty to Pontus Holmberg for Goalie Interference.
18:20 of 2nd period - Nick Shore wins face-off versus Nico Sturm in Condors zone.
18:35 of 2nd period - Snap shot by Alexandre Carrier.
18:35 of 2nd period - Stopped by Vitek Vanecek with a rebound.
18:45 of 2nd period - Alexandre Carrier is hit by Chandler Stephenson and loses puck.
19:09 of 2nd period - Klim Kostin is hit by Chandler Stephenson.
19:24 of 2nd period - Slapshot by Chandler Stephenson.
19:24 of 2nd period - Deflect By Klim Kostin.
19:24 of 2nd period - Stopped by Jaxson Stauber with a rebound.
19:26 of 2nd period - Wrist shot by Jesper Bratt.
19:26 of 2nd period - Shot Misses the Net.
19:28 of 2nd period - Slapshot by Erik Brannstrom.
19:28 of 2nd period - Deflect By Tanner Jeannot.
19:28 of 2nd period - Shot Hit the Post.
19:28 of 2nd period - Puck is out of play.
19:29 of 2nd period - Nick Shore wins face-off versus Nico Sturm in Condors zone.
19:57 of 2nd period - Icing by Christian Jaros.
19:58 of 2nd period - Nico Sturm wins face-off versus Nick Shore in Wranglers zone.
Goals for this period are 0 for Wranglers vs 1 for Condors.
Shots for this period are 7 for Wranglers vs 5 for Condors.

3rd period


0:01 of 3rd period - Nick Shore wins face-off versus Nico Sturm in neutral zone.
0:04 of 3rd period - Slapshot by Alexandre Carrier.
0:04 of 3rd period - Stopped by Vitek Vanecek without a rebound.
0:05 of 3rd period - Nick Shore wins face-off versus Nico Sturm in Wranglers zone.
0:19 of 3rd period - Penalty to Pontus Holmberg is over, Pontus Holmberg is back on ice.
0:30 of 3rd period - Wrist shot by Adam Erne.
0:30 of 3rd period - Shot Misses the Net.
0:32 of 3rd period - Wrist shot by Adam Erne.
0:32 of 3rd period - Shot Misses the Net.
0:34 of 3rd period - Snap shot by Pontus Holmberg.
0:34 of 3rd period - Shot Blocked by Erik Brannstrom.
0:36 of 3rd period - Wrist shot by Nick Shore.
0:36 of 3rd period - Deflect By Pontus Holmberg.
0:36 of 3rd period - Stopped by Vitek Vanecek without a rebound.
0:37 of 3rd period - Connor Hurley wins face-off versus Chandler Stephenson in Wranglers zone.
0:42 of 3rd period - Wrist shot by Taro Hirose.
0:42 of 3rd period - Stopped by Vitek Vanecek without a rebound.
0:43 of 3rd period - Connor Hurley wins face-off versus Chandler Stephenson in Wranglers zone.
0:46 of 3rd period - Wrist shot by Cody Glass.
0:46 of 3rd period - Shot Blocked by Brandon Hickey.
0:52 of 3rd period - Connor Hurley is hit by Christian Jaros and loses puck.
1:11 of 3rd period - Slapshot by Christian Jaros.
1:11 of 3rd period - Shot Blocked by Gustav Olofsson.
1:13 of 3rd period - Snap shot by Christian Jaros.
1:13 of 3rd period - Shot Blocked by Gustav Olofsson.
1:15 of 3rd period - Wrist shot by Tanner Jeannot.
1:15 of 3rd period - Stopped by Jaxson Stauber without a rebound.
1:16 of 3rd period - Tyson Jost wins face-off versus Ryan Donato in Condors zone.
1:56 of 3rd period - Yegor Sharangovich is hit by Tanner Jeannot and loses puck.
2:05 of 3rd period - Slapshot by Tanner Jeannot.
2:05 of 3rd period - Shot Blocked by Alexandre Carrier.
2:11 of 3rd period - Slapshot by Alexandre Carrier.
2:11 of 3rd period - Deflect By Yegor Sharangovich.
2:11 of 3rd period - Goal by Yegor Sharangovich - Wranglers : 2 - Condors : 2.
2:12 of 3rd period - Nick Shore wins face-off versus Nico Sturm in neutral zone.
2:21 of 3rd period - Snap shot by Nico Sturm.
2:21 of 3rd period - Shot Misses the Net.
2:23 of 3rd period - Snap shot by Peter Cehlarik.
2:23 of 3rd period - Shot Misses the Net.
2:25 of 3rd period - Slapshot by Brandon Hickey.
2:25 of 3rd period - Stopped by Jaxson Stauber without a rebound.
2:26 of 3rd period - Nick Shore wins face-off versus Nico Sturm in Condors zone.
2:35 of 3rd period - Wrist shot by Peter Cehlarik.
2:35 of 3rd period - Goal by Peter Cehlarik - Wranglers : 3 - Condors : 2.
2:36 of 3rd period - Nico Sturm wins face-off versus Tyson Jost in neutral zone.
2:47 of 3rd period - Snap shot by Nico Sturm.
2:47 of 3rd period - Stopped by Jaxson Stauber without a rebound.
2:48 of 3rd period - Adam Erne wins face-off versus Nico Sturm in Condors zone.
2:55 of 3rd period - Christian Jaros is hit by Yegor Sharangovich and loses puck.
3:14 of 3rd period - Phillip Danault is hit by Martin Frk and loses puck.
4:06 of 3rd period - Snap shot by Taylor Raddysh.
4:06 of 3rd period - Shot Blocked by Evan Bouchard.
4:20 of 3rd period - Wrist shot by Peter Cehlarik.
4:20 of 3rd period - Shot Blocked by Evan Bouchard.
4:28 of 3rd period - Wrist shot by Nick Shore.
4:28 of 3rd period - Stopped by Vitek Vanecek without a rebound.
4:29 of 3rd period - Tyson Jost wins face-off versus Chandler Stephenson in Wranglers zone.
4:30 of 3rd period - Slapshot by Yegor Sharangovich.
4:30 of 3rd period - Stopped by Vitek Vanecek with a rebound.
4:36 of 3rd period - Slapshot by Frank Corrado.
4:36 of 3rd period - Stopped by Jaxson Stauber with a rebound.
4:44 of 3rd period - Slapshot by Chandler Stephenson.
4:44 of 3rd period - Shot Misses the Net.
5:04 of 3rd period - Wrist shot by Cody Glass.
5:04 of 3rd period - Stopped by Vitek Vanecek with a rebound.
5:30 of 3rd period - Frank Corrado is hit by Adam Erne and loses puck.
5:59 of 3rd period - Tyson Jost is hit by Vitali Kravtsov and loses puck.
6:41 of 3rd period - Slapshot by Adam Erne.
6:41 of 3rd period - Shot Misses the Net.
6:43 of 3rd period - Snap shot by Adam Erne.
6:43 of 3rd period - Stopped by Vitek Vanecek without a rebound.
6:44 of 3rd period - Nick Shore wins face-off versus Nico Sturm in Wranglers zone.
6:51 of 3rd period - Slapshot by Nick Shore.
6:51 of 3rd period - Stopped by Vitek Vanecek with a rebound.
6:53 of 3rd period - Snap shot by Klim Kostin.
6:53 of 3rd period - Shot Hit the Post.
6:55 of 3rd period - Snap shot by Nick Shore.
6:55 of 3rd period - Goal by Nick Shore - Wranglers : 3 - Condors : 3.
6:56 of 3rd period - Nick Shore wins face-off versus Nico Sturm in neutral zone.
7:01 of 3rd period - Slapshot by Martin Frk.
7:01 of 3rd period - Shot Misses the Net.
7:03 of 3rd period - Slapshot by Alexandre Carrier.
7:03 of 3rd period - Shot Hit the Post.
7:05 of 3rd period - Wrist shot by Martin Frk.
7:05 of 3rd period - Stopped by Vitek Vanecek without a rebound.
7:06 of 3rd period - Nico Sturm wins face-off versus Nick Shore in Wranglers zone.
7:06 of 3rd period - Nico Sturm is hit by Nick Shore.
7:16 of 3rd period - Snap shot by Nico Sturm.
7:16 of 3rd period - Stopped by Jaxson Stauber with a rebound.
7:18 of 3rd period - Minor Penalty to Evan Bouchard for Hooking.
7:19 of 3rd period - Nick Shore wins face-off versus Nico Sturm in Condors zone.
7:52 of 3rd period - Snap shot by Chandler Stephenson.
7:52 of 3rd period - Stopped by Jaxson Stauber without a rebound.
7:53 of 3rd period - Tyson Jost wins face-off versus Nico Sturm in Condors zone.
8:01 of 3rd period - Off-side.
8:02 of 3rd period - Nico Sturm wins face-off versus Nick Shore in neutral zone.
9:01 of 3rd period - Wrist shot by Barclay Goodrow.
9:01 of 3rd period - Shot Misses the Net.
9:03 of 3rd period - Slapshot by Christian Jaros.
9:03 of 3rd period - Deflect By Nico Sturm.
9:03 of 3rd period - Goal by Nico Sturm - Wranglers : 4 - Condors : 3.
9:04 of 3rd period - Chandler Stephenson wins face-off versus Tyson Jost in neutral zone.
9:29 of 3rd period - Taylor Raddysh is hit by Cody Glass and loses puck.
9:51 of 3rd period - Off-side.
9:52 of 3rd period - Nick Shore wins face-off versus Vladislav Kamenev in neutral zone.
10:01 of 3rd period - Wrist shot by Martin Frk.
10:01 of 3rd period - Shot Misses the Net.
10:19 of 3rd period - Icing by Nico Sturm.
10:20 of 3rd period - Nico Sturm wins face-off versus Tyson Jost in Wranglers zone.
10:22 of 3rd period - Icing by Erik Brannstrom.
10:23 of 3rd period - Nico Sturm wins face-off versus Tyson Jost in Wranglers zone.
10:38 of 3rd period - Minor Penalty to Frank Corrado for Slashing.
10:39 of 3rd period - Phillip Danault wins face-off versus Nick Shore in Wranglers zone.
11:06 of 3rd period - Dominik Masin is hit by Tyson Jost and loses puck.
11:34 of 3rd period - Christian Jaros is hit by Tyson Jost and loses puck.
11:47 of 3rd period - Phillip Danault is hit by Alexandre Carrier and loses puck.
11:52 of 3rd period - Wrist shot by Tyson Jost.
11:52 of 3rd period - Stopped by Vitek Vanecek without a rebound.
11:53 of 3rd period - Nick Shore wins face-off versus Phillip Danault in Wranglers zone.
11:58 of 3rd period - Snap shot by Adam Erne.
11:58 of 3rd period - Goal by Adam Erne - Wranglers : 4 - Condors : 4.
11:59 of 3rd period - Nico Sturm wins face-off versus Connor Hurley in neutral zone.
12:47 of 3rd period - Ryan Donato is hit by Alexander Alexeyev and loses puck.
13:26 of 3rd period - Slapshot by Adam Erne.
13:26 of 3rd period - Goal by Adam Erne - Wranglers : 4 - Condors : 5.
13:27 of 3rd period - Nico Sturm wins face-off versus Tyson Jost in neutral zone.
15:21 of 3rd period - Snap shot by Vladislav Kamenev.
15:21 of 3rd period - Stopped by Jaxson Stauber with a rebound.
15:23 of 3rd period - Slapshot by Christian Jaros.
15:23 of 3rd period - Deflect By Martin Frk.
15:23 of 3rd period - Stopped by Jaxson Stauber without a rebound.
15:24 of 3rd period - Connor Hurley wins face-off versus Ryan Donato in Condors zone.
15:49 of 3rd period - Adam Erne is hit by Peter Cehlarik and loses puck.
15:56 of 3rd period - Snap shot by Evan Bouchard.
15:56 of 3rd period - Stopped by Vitek Vanecek with a rebound.
16:37 of 3rd period - Vitali Kravtsov is hit by Raphael Lavoie and loses puck.
17:33 of 3rd period - Phillip Danault is hit by Martin Frk and loses puck.
18:52 of 3rd period - Wranglers, Vitek Vanecek is pulled from the net.
18:58 of 3rd period - Slapshot by Nico Sturm.
18:58 of 3rd period - Shot Misses the Net.
19:02 of 3rd period - Slapshot by Barclay Goodrow.
19:02 of 3rd period - Goal by Barclay Goodrow - Wranglers : 5 - Condors : 5.
19:02 of 3rd period - Vitek Vanecek from Wranglers was sent back in the game.
19:03 of 3rd period - Taro Hirose wins face-off versus Ryan Donato in neutral zone.
19:06 of 3rd period - Christian Jaros is hit by Gustav Olofsson and loses puck.
19:37 of 3rd period - Wrist shot by Nick Shore.
19:37 of 3rd period - Stopped by Vitek Vanecek with a rebound.
Goals for this period are 3 for Wranglers vs 4 for Condors.
Shots for this period are 11 for Wranglers vs 16 for Condors.

Overtime #1


0:01 of 1st overtime period - Peter Cehlarik wins face-off versus Nick Shore in neutral zone.
0:04 of 1st overtime period - Slapshot by Erik Brannstrom.
0:04 of 1st overtime period - Stopped by Jaxson Stauber without a rebound.
0:05 of 1st overtime period - Nick Shore wins face-off versus Peter Cehlarik in Condors zone.
0:12 of 1st overtime period - Slapshot by Erik Brannstrom.
0:12 of 1st overtime period - Stopped by Jaxson Stauber with a rebound.
0:32 of 1st overtime period - Snap shot by Tyson Jost.
0:32 of 1st overtime period - Stopped by Vitek Vanecek without a rebound.
0:33 of 1st overtime period - Nico Sturm wins face-off versus Tyson Jost in Wranglers zone.
0:38 of 1st overtime period - Slapshot by Erik Brannstrom.
0:38 of 1st overtime period - Stopped by Jaxson Stauber without a rebound.
0:39 of 1st overtime period - Peter Cehlarik wins face-off versus Martin Frk in Condors zone.
0:40 of 1st overtime period - Slapshot by Erik Brannstrom.
0:40 of 1st overtime period - Shot Misses the Net.
0:50 of 1st overtime period - Snap shot by Martin Frk.
0:50 of 1st overtime period - Shot Misses the Net.
0:52 of 1st overtime period - Wrist shot by Adam Erne.
0:52 of 1st overtime period - Stopped by Vitek Vanecek with a rebound.
0:54 of 1st overtime period - Snap shot by Alexandre Carrier.
0:54 of 1st overtime period - Shot Blocked by Tanner Jeannot.
1:06 of 1st overtime period - Slapshot by Erik Brannstrom.
1:06 of 1st overtime period - Stopped by Jaxson Stauber without a rebound.
1:07 of 1st overtime period - Nico Sturm wins face-off versus Nick Shore in Condors zone.
1:17 of 1st overtime period - Wrist shot by Nico Sturm.
1:17 of 1st overtime period - Stopped by Jaxson Stauber with a rebound.
1:19 of 1st overtime period - Snap shot by Chandler Stephenson.
1:19 of 1st overtime period - Shot Blocked by Nick Shore.
1:21 of 1st overtime period - Backhand shot by Chandler Stephenson.
1:21 of 1st overtime period - Shot Misses the Net.
1:23 of 1st overtime period - Wrist shot by Frank Corrado.
1:23 of 1st overtime period - Stopped by Jaxson Stauber with a rebound.
2:55 of 1st overtime period - Taylor Raddysh is hit by Alexandre Carrier and loses puck.
Goals for this period are 0 for Wranglers vs 0 for Condors.
Shots for this period are 6 for Wranglers vs 2 for Condors.

ShootOut


5:00 of 1st overtime period - Round #1.
5:00 of 1st overtime period - Wranglers, Jesper Bratt.
5:00 of 1st overtime period - Wrist shot by Jesper Bratt.
5:00 of 1st overtime period - Stopped by Jaxson Stauber.
5:00 of 1st overtime period - Condors, Adam Erne.
5:00 of 1st overtime period - Snap shot by Adam Erne.
5:00 of 1st overtime period - Goal by Adam Erne.
5:00 of 1st overtime period - Round #2.
5:00 of 1st overtime period - Wranglers, Peter Cehlarik.
5:00 of 1st overtime period - Backhand shot by Peter Cehlarik.
5:00 of 1st overtime period - Shot Misses the Net.
5:00 of 1st overtime period - Condors, Martin Frk.
5:00 of 1st overtime period - Snap shot by Martin Frk.
5:00 of 1st overtime period - Goal by Martin Frk.
5:00 of 1st overtime period - Round #3.